 Dungeon Crawl Stone Soup version 0.25.1-2-g60ff931df9 (webtiles) character file.

Game seed: 4492205824935204658

7756 DearestLeader the Protected (level 11, -7/84 HPs)
             Began as a Demonspawn Gladiator on Oct 17, 2020.
             Was an Elder of Okawaru.
             Mangled by a two-headed ogre
             ... wielding a cursed -3 giant club
              (13 damage)
             ... on level 10 of the Dungeon.
             The game lasted 00:20:29 (11714 turns).

DearestLeader the Protected (Demonspawn Gladiator) Turns: 11714, Time: 00:20:29

Health: -7/84      AC: 12    Str: 19    XL:     11   Next: 0%
Magic:  16/16      EV: 20    Int:  9    God:    Okawaru [****..]
Gold:   475        SH:  0    Dex: 14    Spells: 10/10 levels left

rFire    . . .     SeeInvis .   M - +2 scimitar (flame)
rCold    + . .     Gourm    .   (no shield)
rNeg     + . .     Faith    .   D - +2 ring mail {rPois}
rPois    +         Spirit   .   c - +1 helmet
rElec    .         Reflect  .   (no cloak)
rCorr    .         Harm     .   (no gloves)
MR       .....                  (no boots)
Stlth    +++++.....             q - amulet of the acrobat
HPRegen  0.24/turn              I - ring of positive energy
MPRegen  0.15/turn              H - ring of protection from cold

@: heroism, hasted, very quick
A: claws 2, nightstalker 2, rot immunity, sturdy frame 2
a: Heroism, Renounce Religion


You were on level 10 of the Dungeon.
You worshipped Okawaru.
Okawaru was greatly pleased with you.
You were not hungry.

You visited 2 branches of the dungeon, and saw 11 of its levels.

You collected 475 gold pieces.

Inventory:

Hand Weapons
 v - a +0 great mace
 G - the +5 short sword of Perfectionism {vorpal, rElec Int+4 Dex-5 SInv}
   (You found it on level 4 of the Dungeon)

   It inflicts extra damage upon your enemies.
   It affects your intelligence (+4).
   It affects your dexterity (-5).
   It insulates you from electricity.
   It lets you see invisible.
 J - a +5 great sword of freezing
 M - a +2 scimitar of flaming (weapon)
Missiles
 d - 7 throwing nets (quivered)
Armour
 c - a +1 helmet (worn)
 k - a +0 chain mail
 D - a +2 ring mail of poison resistance (worn)
 E - a +0 buckler
 Q - a +0 plate armour
Magical Staves
 a - an uncursed staff of wizardry
Jewellery
 i - an uncursed amulet of faith
 l - an uncursed ring of protection from magic
 m - an uncursed ring of stealth
 q - an amulet of the acrobat (around neck)
 s - an uncursed ring of fire
 H - a ring of protection from cold (right claw)
 I - a ring of positive energy (left claw)
Wands
 g - a wand of iceblast (11)
 w - a wand of flame (37)
 x - a wand of digging (14)
 L - a wand of polymorph (7)
 O - a wand of paralysis (5)
Scrolls
 e - a scroll of fog
 j - 2 scrolls of enchant weapon
 n - a scroll of amnesia {unknown}
 o - 5 scrolls of enchant armour
 p - 2 scrolls of blinking {unknown}
 t - 4 scrolls of teleportation
 u - 4 scrolls of noise
 y - 3 scrolls of remove curse
 A - a scroll of immolation {unknown}
 B - 3 scrolls of magic mapping {unknown}
 N - a scroll of vulnerability {unknown}
 R - 2 scrolls of identify
Potions
 b - 6 potions of curing
 h - 4 potions of flight
 r - 4 potions of degeneration
 C - a potion of brilliance {unknown}
 F - a potion of cancellation
 K - a potion of ambrosia {unknown}
 S - a potion of resistance {unknown}
Comestibles
 f - 19 rations
 P - 2 chunks of flesh


   Skills:
 - Level 7.4(12.4) Fighting
 - Level 3.0(8.0) Long Blades
   Level 2.6(9.3) Axes
   Level 5.2(10.5) Polearms
 - Level 1.7(6.7) Throwing
 + Level 8.0(13.0) Armour
 - Level 7.0(12.0) Dodging
 * Level 5.2(10.2) Unarmed Combat
 + Level 7.1 Invocations


You had 10 spell levels left.
You didn't know any spells.
Your spell library contained the following spells:

 Spells                   Type           Power        Failure   Level  Hunger
 Magic Dart               Conj           #...         41%         1    ##.....
 Blink                    Tloc           N/A          54%         2    ###....
 Call Imp                 Summ           #.......     54%         2    ###....
 Slow                     Hex            #.......     54%         2    ###....
 Conjure Flame            Conj/Fire      #.......     78%         3    ####...
 Mephitic Cloud           Conj/Pois/Air  #.......     78%         3    ####...


Dungeon Overview and Level Annotations

Branches:
Dungeon (10/15)            Temple (1/1) D:7             Orc (0/2) D:10
   Lair: D:8-11

Altars:
Ashenzari
Cheibriados
Dithmenos
Elyvilon
Fedhas
Gozag
Hepliaklqana
Kikubaaqudgha
Makhleb
Nemelex Xobeh
Okawaru
Qazlal
Ru
Sif Muna
Trog
Uskayaw
Vehumet
Wu Jian
Yredelemnul
Zin
The Shining One
Lugonu

Shops:
D:8 %

Annotations:
D:9 2 transporters, Pikel
D:10 3 runed translucent doors, Garessta's ghost, novice SpEn


Innate Abilities, Weirdness & Mutations

You have very sharp fingernails.
You are significantly more attuned to the shadows.
You are immune to rotting.
Your movements are less encumbered by armour. (ER -4)


Message History

The two-headed ogre completely misses you.
You slash the two-headed ogre! You burn the two-headed ogre.
The two-headed ogre is moderately wounded.
The two-headed ogre hits you with a cursed -3 giant club!
The two-headed ogre hits you with a +0 giant club.
You slash the two-headed ogre! You burn the two-headed ogre.
The two-headed ogre is heavily wounded.
The two-headed ogre hits you with a cursed -3 giant club!
The two-headed ogre hits you with a +0 giant club.
You closely miss the two-headed ogre.
The two-headed ogre is heavily wounded.
You hit the two-headed ogre. You burn the two-headed ogre.
The two-headed ogre is heavily wounded.
The two-headed ogre hits you with a cursed -3 giant club!!
* * * LOW HITPOINT WARNING * * *
The two-headed ogre barely misses you.
You feel yourself speed up.
The two-headed ogre completely misses you.
The two-headed ogre hits you with a +0 giant club!
You die...

)#....#..............#
......#..............#
......#...###....###.#
......#...# #....# #.#
#######.).# #....###.#
#.........# #........#
#..##.....###........#
#..##................#
#..##..#'######.@....#
#......#......#.O.#..#
########รท.....#......#
.#......[.....#......#
.#............#......#
.'............#......#
.#....#########......#
.#....# #......#
###...# #......#


You could see a two-headed ogre.

Vanquished Creatures
  Harold (D:9)
  Erica (D:8)
  A hornet (D:9)
  2 hippogriffs
  3 yaks (D:10)
  Eustachio (D:4)
  2 wargs (D:10)
  Menkaure (D:7)
  Duvessa (D:7)
  A black bear (D:10)
  3 slaves (D:9)
  2 necrophages (D:8)
  4 orc warriors
  6 sky beasts
  5 ogres
  A phantom (D:6)
  5 ice beasts
  3 centaurs
  A big kobold (D:10)
  5 bullfrogs
  A water moccasin zombie (D:7)
  Dowan (D:7)
  4 scorpions
  2 water moccasin skeletons
  5 killer bees (D:10)
  4 wights (D:8)
  5 crimson imps
  A quasit (D:9)
  A hound (D:10)
  8 orc priests
  A jelly (D:8)
  10 orc wizards
  2 bullfrog skeletons
  An iguana (D:8)
  7 worker ants
  A killer bee zombie (D:7)
  A hound zombie (D:8)
  3 worker ant zombies
  11 adders
  4 shadow imps
  An ooze (D:2)
  2 adder skeletons
  A worm (D:2)
  4 dart slugs
  4 leopard geckos
  30 orcs
  5 bats
  A giant cockroach (D:4)
  9 goblins
  5 hobgoblins
  7 jackals
  5 quokkas
  4 frilled lizards
  A jackal zombie (D:9)
  12 kobolds
  A quokka skeleton (D:7)
  2 quokka zombies
  6 rats
222 creatures vanquished.

Notes
Turn   | Place    | Note
-------+----------+-------------------------------------------
     0 | D:1      | DearestLeader the Demonspawn Gladiator began the quest for
                  | the Orb.
     0 | D:1      | Reached XP level 1. HP: 16/16 MP: 1/1
   180 | D:1      | Gained mutation: Your movements are slightly less
                  | encumbered by armour. (ER -2) [demonic ancestry]
   180 | D:1      | Reached XP level 2. HP: 23/23 MP: 2/2
   303 | D:1      | Reached skill level 1 in Armour
   538 | D:1      | Reached XP level 3. HP: 28/28 MP: 3/3
   731 | D:2      | Found an opulent altar of Gozag.
   749 | D:2      | Found a sparkling altar of Nemelex Xobeh.
  1005 | D:2      | Found a shadowy altar of Dithmenos.
  1090 | D:2      | Found a hazy altar of Hepliaklqana.
  1201 | D:2      | Reached skill level 2 in Armour
  1543 | D:3      | Gained mutation: You are slightly more attuned to the
                  | shadows. [demonic ancestry]
  1543 | D:3      | Reached XP level 4. HP: 31/34 MP: 4/4
  1652 | D:3      | Found a radiant altar of Vehumet.
  1753 | D:3      | Found a faded altar of an unknown god.
  1973 | D:3      | Reached skill level 1 in Polearms
  2441 | D:4      | Found a sacrificial altar of Ru.
  2452 | D:5      | Entered Level 5 of the Dungeon
  2657 | D:5      | Reached XP level 5. HP: 38/41 MP: 5/5
  2890 | D:5      | Noticed a sky beast
  2902 | D:5      | Killed a sky beast
  2902 | D:5      | Reached XP level 6. HP: 39/47 MP: 6/6
  3066 | D:5      | Noticed a sky beast
  3077 | D:5      | Killed a sky beast
  3077 | D:5      | Reached skill level 3 in Armour
  3112 | D:5      | Noticed an ice beast
  3125 | D:5      | Killed an ice beast
  3536 | D:5      | Found a bloodstained altar of Trog.
  3772 | D:6      | Gained mutation: You are immune to rotting. [demonic
                  | ancestry]
  3772 | D:6      | Reached XP level 7. HP: 45/54 MP: 7/7
  4193 | D:4      | Reached skill level 4 in Armour
  4238 | D:4      | Noticed Eustachio
  4267 | D:4      | Killed Eustachio
  4267 | D:4      | Reached skill level 5 in Fighting
  4267 | D:4      | Reached skill level 5 in Polearms
  4317 | D:4      | Gained mutation: You have sharp fingernails. [demonic
                  | ancestry]
  4317 | D:4      | Reached XP level 8. HP: 54/62 MP: 8/8
  4400 | D:4      | Got a crystal short sword
  4400 | D:4      | Identified the +5 short sword of Perfectionism {vorpal,
                  | rElec Int+4 Dex-5 SInv} (You found it on level 4 of the
                  | Dungeon)
  4814 | D:6      | Found a shattered altar of Ashenzari.
  5230 | D:7      | Noticed a hippogriff
  5256 | D:7      | HP: 2/63 [hippogriff (2)]
  5258 | D:7      | Killed a hippogriff
  5258 | D:7      | Reached skill level 5 in Armour
  5469 | D:7      | Noticed Menkaure
  5483 | D:7      | Killed Menkaure
  5579 | D:7      | Found a staircase to the Ecumenical Temple.
  5598 | Temple   | Entered the Ecumenical Temple
  5763 | Temple   | Became a worshipper of Warmaster Okawaru
  5816 | D:7      | Reached skill level 5 in Dodging
  5973 | D:7      | Gained mutation: Your movements are less encumbered by
                  | armour. (ER -4) [demonic ancestry]
  5973 | D:7      | Reached XP level 9. HP: 67/71 MP: 9/9
  6200 | D:7      | Noticed Dowan
  6206 | D:7      | Killed Dowan
  6206 | D:7      | Reached skill level 6 in Armour
  6206 | D:7      | Noticed Duvessa
  6309 | D:7      | Reached * piety under Okawaru
  6330 | D:7      | Found an ancient bone altar of Kikubaaqudgha.
  6515 | D:7      | Reached skill level 1 in Invocations
  6579 | D:7      | Killed Duvessa
  7321 | D:8      | Found Adaimnycw's Food Shoppe.
  7611 | D:8      | Reached ** piety under Okawaru
  7611 | D:8      | Reached skill level 1 in Long Blades
  7644 | D:8      | Noticed Erica
  7663 | D:8      | Killed Erica
  7663 | D:8      | Gained mutation: You have very sharp fingernails. [demonic
                  | ancestry]
  7663 | D:8      | Reached XP level 10. HP: 79/79 MP: 11/13
  7853 | D:8      | Reached skill level 7 in Armour
  8406 | D:9      | Noticed Pikel
  8495 | D:9      | Reached skill level 1 in Unarmed Combat
  8625 | D:9      | Found a blossoming altar of Fedhas.
  8755 | D:9      | Noticed an angel
  8756 | D:9      | Found a glowing silver altar of Zin.
  8776 | D:9      | Noticed Harold
  8783 | D:9      | Reached skill level 5 in Invocations
  8789 | D:9      | Killed Harold
  8789 | D:9      | Reached *** piety under Okawaru
  9413 | D:9      | Paralysed by a hornet for 3 turns
  9741 | D:9      | Found a transporter.
  9745 | D:9      | Found a corrupted altar of Lugonu.
  9747 | D:9      | Found a transporter.
  9846 | D:9      | Found an ornate altar of the Wu Jian Council.
 10019 | D:10     | Entered Level 10 of the Dungeon
 10416 | D:10     | Found a runed translucent gate.
 10416 | D:10     | Found a runed translucent gate.
 10416 | D:10     | Found a runed translucent gate.
 10417 | D:10     | Noticed Garessta's ghost (novice SpEn)
 10562 | D:10     | Reached **** piety under Okawaru
 11193 | D:10     | Found a staircase to the Orcish Mines.
 11221 | D:10     | Reached skill level 5 in Unarmed Combat
 11509 | D:10     | Reached skill level 8 in Armour
 11509 | D:10     | Gained mutation: You are significantly more attuned to the
                  | shadows. [demonic ancestry]
 11509 | D:10     | Reached XP level 11. HP: 84/84 MP: 16/16
 11694 | D:10     | Noticed a two-headed ogre
 11705 | D:10     | HP: 4/84 [two-headed ogre/cursed -3 giant club (25)]
 11714 | D:10     | Mangled by a two-headed ogre

Illustrated notes

Levels and vault maps discovered:
D:1:      nicolae_arrival_memento_mori, layout_basic
D:2:      layout_rooms, tgw_xom, nicolae_dithmenos_through_a_glass_darkly,
          old_standard_altar, nicolae_gozag_seed_capital, lemuel_round_altar
D:3:      layout_loops_ring, overflow_temple_1_default,
          chequers_ecumenical_altar_twisty
D:4:      layout_rooms, nicolae_ru_awakened_eye, first_ration, uniq_eustachio
D:5:      layout_basic, lightli_temple_of_fire
D:6:      layout_rooms, evilmike_ruin_ashenzari, dk_noncrumbling_2
D:7:      layout_loops_ring, kennysheep_mini_moat, minmay_temple_entry_glass,
          grunt_ogre_cave, uniq_duvessa, uniq_menkaure
D:8:      layout_cave_pods, serial_shops, nicolae_shop_crystal,
          kennysheep_doodads, eino_small_chamber_without_monster, uniq_erica
D:9:      gammafunk_corrupted_shrine, layout_long_grid, zin_angel,
          kennysheep_mini, fedhas_altar_1, uniq_pikel, uniq_harold
D:10:     layout_stronghold, david_orc_1_choice, gammafunk_ghost_nasty_kobolds
Temple:   compressed_dpeg_triangle_lava_temple

Skill      XL: |  1  2  3  4  5  6  7  8  9 10 |
---------------+-------------------------------+-----
Dodging        | 3 5 6 7 |  7.0
Armour         | 1 2 3 4 5 6 8 |  8.0
Fighting       | 3 4 5 6 7 |  7.4
Polearms       | 1 2 3 5 |  5.2
Invocations    | 4 7 |  7.1
Long Blades    | 2 3 |  3.0
Unarmed Combat | 5 |  5.2
Axes           | |  2.6
Throwing       | |  1.7

Action                   |  1- 3 |  4- 6 |  7- 9 | 10-12 || total
-------------------------+-------+-------+-------+-------++-------
Melee: War axe           |   110 |       |       |       ||   110
       Trident           |    11 |   107 |    81 |       ||   199
       Short sword       |       |       |   337 |    43 ||   380
       Scimitar          |       |       |       |   249 ||   249
       Punch             |       |       |       |     4 ||     4
Invok: Heroism           |       |       |       |     3 ||     3
  Use: Scroll            |     1 |       |       |     9 ||    10
       Potion            |       |     3 |     3 |     5 ||    11
 Stab: Sleeping          |     1 |       |     9 |     3 ||    13
       Distracted        |       |       |     1 |       ||     1
  Eat: Chunk             |     2 |     6 |    11 |    10 ||    29
       Ration            |       |       |     1 |     1 ||     2
Armor: Leather armour    |     9 |       |       |       ||     9
       Scale mail        |     5 |       |       |       ||     5
       Chain mail        |    62 |    49 |     6 |       ||   117
       Ring mail         |       |       |   160 |   115 ||   275
       Skin              |       |       |     6 |    24 ||    30
Dodge: Dodged            |    84 |    46 |   289 |   325 ||   744
       Rpst.: Scimitar   |       |       |       |    89 ||    89
